 Dungeon Crawl Stone Soup version 0.31-a0-441-g867994ef1c (webtiles) character file.

Game seed: 7299640254437692543

312 testman the Trooper (level 6, 0/48 HPs)
             Began as a Djinni Shapeshifter on Aug 2, 2023.
             Slain by an ogre
             ... wielding a +0 giant club
              (28 damage)
             ... on level 4 of the Dungeon.
             The game lasted 00:07:11 (3356 turns).

testman the Trooper (Djinni Shapeshifter)           Turns: 3356, Time: 00:07:12

Health: 0/48       AC:  2    Str: 21 (22) XL:     6   Next: 71%
Gold:   276        EV: 12    Int:  9 (10) God:
                   SH:  0    Dex: 11 (13)

rFire   + + .        l - +0 quarterstaff
rCold   x . .        (shield currently unavailable)
rNeg    . . .        a - +0 animal skin
rPois   ∞            (helmet currently unavailable)
rElec   .            (cloak currently unavailable)
rCorr   .            (gloves currently unavailable)
SInv    +            (boots unavailable)
Will    .....        (no amulet)
Stlth   +            e - ring of see invisible
HPRegen 0.28/turn    q - +6 ring of strength
MPRegen 0.00/turn

%: infuse magic (-1 HP)
@: beast-form, flying, very slightly contaminated
A: beast (slay +2), flying, sickness immunity, fire resistance 2, cold
vulnerability 1, float, innate caster, HP casting, extra vitality 1
a: Begin Untransformation


You were on level 4 of the Dungeon.
You were a hulking beast.
You visited 1 branch of the dungeon, and saw 4 of its levels.

You collected 276 gold pieces.

Inventory:

Hand Weapons
 d - a +0 war axe
 l - a +0 quarterstaff (weapon)
Missiles
 f - 9 boomerangs
Armour
 a - a +0 animal skin (worn)
 u - a +0 pair of gloves
Jewellery
 e - a ring of see invisible (left hand)
 q - a +6 ring of strength (right hand)
Talismans
 c - a beast talisman (active)
Wands
 s - a wand of flame (7)
 t - a wand of paralysis (7)
Scrolls
 i - a scroll of identify
 o - 2 scrolls of teleportation {unknown}
 p - 2 scrolls of noise {unknown}
Potions
 b - a potion of lignification
 g - a potion of curing {unknown}
 n - 4 potions of heal wounds
 r - a potion of mutation


   Skills:
 + Level 4.4 Fighting
 - Level 2.1 Dodging
 - Level 3.0 Unarmed Combat
 + Level 2.0 Spellcasting
 + Level 2.0 Conjurations
 + Level 2.0 Hexes
   Level 0.0 Charms
 + Level 2.0 Summonings
 + Level 2.0 Necromancy
 + Level 2.0 Translocations
 + Level 2.0 Transmutations
 + Level 2.0 Fire Magic
 + Level 2.0 Ice Magic
 + Level 2.0 Air Magic
 + Level 2.0 Earth Magic
 + Level 2.0 Poison Magic
 - Level 3.6 Shapeshifting


You knew the following spells:

 Your Spells              Type           Power      Damage    Failure   Level
a - Apportation           Tloc           8%         N/A       14%         1
b - Poisonous Vapours     Pois/Air       8%         N/A       22%         2
Your spell library was empty.

Dungeon Overview and Level Annotations

Branches:
Dungeon (4/15)
 Temple: D:4-7

Altars:


Innate Abilities, Weirdness & Mutations

You are a hulking beast.
Your limbs bulge with bestial killing power. (Slay +2)
You are flying.
You are immune to sickness and miasma.
You are immune to poison.
Your flesh is very heat resistant. (rF++)
You are vulnerable to cold. (rC-)
You float through the air rather than walking.
You learn spells naturally, not from books.
Your magical power is your life essence.
You have superior vitality. (+4 MHP)


Message History

Press: ? - help, Dir - move target, f - ogre
Aim: an ogre, wielding a +0 giant club Poisonous vapours surround the ogre!
The ogre is poisoned.
Casting: Poisonous Vapours (safe; 22% risk of failure)
Confirm with . or Enter, or press ? or * to list all spells.
Aiming: Poisonous Vapours (safe; 22% risk of failure)
Press: ? - help, Dir - move target, f/p - ogre
Aim: an ogre, wielding a +0 giant club (poisoned) Poisonous vapours surround the ogre!
The ogre looks even sicker.
Casting: Poisonous Vapours (safe; 22% risk of failure)
Confirm with . or Enter, or press ? or * to list all spells.
Aiming: Poisonous Vapours (safe; 22% risk of failure)
Press: ? - help, Dir - move target, f/p - ogre
Aim: an ogre, wielding a +0 giant club (lightly wounded, very poisoned)
You miscast Poisonous Vapours.
You are very lightly contaminated with residual magic.
Nothing appears to happen.
Casting: Poisonous Vapours (safe; 22% risk of failure)
Confirm with . or Enter, or press ? or * to list all spells.
Aiming: Poisonous Vapours (safe; 22% risk of failure)
Press: ? - help, Dir - move target, f/p - ogre
Aim: an ogre, wielding a +0 giant club (lightly wounded, very poisoned)
You miscast Poisonous Vapours.
Nothing appears to happen.
Casting: Poisonous Vapours (safe; 22% risk of failure)
Confirm with . or Enter, or press ? or * to list all spells.
Aiming: Poisonous Vapours (safe; 22% risk of failure)
Press: ? - help, Dir - move target, f/p - ogre
Aim: an ogre, wielding a +0 giant club (lightly wounded, very poisoned) Poisonous vapours surround the ogre!
The ogre looks even sicker.
You thump the ogre!
The ogre is heavily wounded.
The ogre misses you.
You sock the ogre!
The ogre is severely wounded.
The ogre hits you with a +0 giant club!
You barely miss the ogre.
The ogre is severely wounded.
The ogre hits you with a +0 giant club!!
Ouch! That really hurt!
You die...

##.............
##.
##..............##
#.
#................#
##
#................#
#
#................#
#.................
#.................
##................
#........hO......
##............$..
#...............
##.............#
###...........#
####......##.
####..... ....#


You could see an ogre (very poisoned).

Vanquished Creatures
  A black bear (D:4)
  2 orc wizards (D:4)
  Ijyb (D:4)
  6 adders
  An ufetubus (D:4)
  2 worms
  6 orcs
  11 bats
  6 endoplasms
  4 giant cockroaches
  5 goblins
  10 hobgoblins
  8 jackals
  4 quokkas
  2 ball pythons
  2 frilled lizards
  7 kobolds
  3 rats
81 creatures vanquished.

Notes
Turn   | Place    | Note
-------+----------+-------------------------------------------
     0 | D:1      | testman the Djinni Shapeshifter began the quest for the
                  | Orb.
     0 | D:1      | Reached XP level 1. HP: 17/17 MP: 0/0
   138 | D:1      | Reached XP level 2. HP: 13/22 MP: 0/0
   545 | D:1      | Reached skill level 2 in Fighting
   545 | D:1      | Reached XP level 3. HP: 26/28 MP: 0/0
   545 | D:1      | Learned a level 1 spell: Apportation
  1151 | D:2      | Reached XP level 4. HP: 29/34 MP: 0/0
  1927 | D:3      | Reached skill level 3 in Fighting
  2066 | D:3      | Reached XP level 5. HP: 40/40 MP: 0/0
  2066 | D:3      | Learned a level 2 spell: Poisonous Vapours
  2447 | D:4      | Noticed Ijyb
  2453 | D:4      | Paralysed by Ijyb for 5 turns
  2465 | D:4      | Killed Ijyb
  2627 | D:4      | Reached skill level 1 in Spellcasting
  2627 | D:4      | Reached skill level 1 in Conjurations
  2627 | D:4      | Reached skill level 1 in Hexes
  2627 | D:4      | Reached skill level 1 in Summonings
  2627 | D:4      | Reached skill level 1 in Necromancy
  2627 | D:4      | Reached skill level 1 in Translocations
  2627 | D:4      | Reached skill level 1 in Transmutations
  2627 | D:4      | Reached skill level 1 in Fire Magic
  2627 | D:4      | Reached skill level 1 in Ice Magic
  2627 | D:4      | Reached skill level 1 in Air Magic
  2627 | D:4      | Reached skill level 1 in Earth Magic
  2627 | D:4      | Reached skill level 1 in Poison Magic
  2833 | D:4      | Reached XP level 6. HP: 47/47 MP: 0/0
  2929 | D:4      | Noticed a black bear
  3203 | D:4      | Killed a black bear
  3204 | D:4      | Reached skill level 4 in Fighting
  3348 | D:4      | Noticed an ogre
  3356 | D:4      | Slain by an ogre

Illustrated notes

Levels and vault maps discovered:
D:1:      lemuel_arrival_cross, layout_loops_corners, minmay_heptomino_h4
D:2:      layout_rooms, chequers_serial_rivers_micro_b, st_stairs_6,
          dk_noncrumbling_2, minmay_misc_feat_doors,
          chequers_serial_rivers_small_3
D:3:      layout_rooms
D:4:      layout_cave_pods, kennysheep_orc_sif_temple, uniq_ijyb

Skill      XL: |  1  2  3  4  5  6 |
---------------+-------------------+-----
Shapeshifting  | 3 |  3.6
Fighting       | 2 3 4 |  4.4
Spellcasting   | 1 2 |  2.0
Conjurations   | 1 2 |  2.0
Hexes          | 1 2 |  2.0
Summonings     | 1 2 |  2.0
Necromancy     | 1 2 |  2.0
Translocations | 1 2 |  2.0
Transmutations | 1 2 |  2.0
Fire Magic     | 1 2 |  2.0
Ice Magic      | 1 2 |  2.0
Air Magic      | 1 2 |  2.0
Earth Magic    | 1 2 |  2.0
Poison Magic   | 1 2 |  2.0
Dodging        | |  2.1
Unarmed Combat | |  3.0

Action                     |  1- 3 |  4- 6 || total
---------------------------+-------+-------++-------
  Melee: War axe           |    66 |    13 ||    79
         Unarmed           |     6 |       ||     6
         Punch             |     3 |       ||     3
         Quarterstaff      |       |   120 ||   120
   Cast: Poisonous Vapours |       |     4 ||     4
    Use: Scroll            |       |     4 ||     4
         Potion            |       |     3 ||     3
   Stab: Sleeping          |     4 |     1 ||     5
 Armour: Animal skin       |    15 |    21 ||    36
  Dodge: Dodged            |    67 |   115 ||   182

Table legend: (Time is in decaauts)
 A = Elapsed time spent in this place.
 B = Non-inter-level travel time spent in this place.
 C = Inter-level travel time spent in this place.
 D = Time resting spent in this place.
 E = Time spent auto-exploring this place.
 F = Levels seen in this place.
 G = Mean time per level.
                   A        B        C        D        E       F      G
               +--------+--------+--------+--------+--------+-----+--------+
         Total |   3430 |   3311 |    119 |    218 |   2484 |   4 |  857.5 |
       Dungeon |   3430 |   3311 |    119 |    218 |   2484 |   4 |  857.5 |
               +--------+--------+--------+--------+--------+-----+--------+

Top non-repeatable levels by time:
     D:1: 1147 daAuts
     D:3: 812 daAuts
     D:2: 766 daAuts
     D:4: 703 daAuts
